 Dungeon Crawl Stone Soup version 0.25.1-2-g60ff931df9 (webtiles) character file.

Game seed: 18107771642225855188

1449 Ijustatesigmund the Chopper (level 8, -2/58 HPs)
             Began as an Octopode Fighter on Aug 18, 2020.
             Slain by a centaur (8 damage)
             ... on level 6 of the Dungeon.
             The game lasted 00:08:03 (4655 turns).

Ijustatesigmund the Chopper (Octopode Fighter)      Turns: 4655, Time: 00:08:03

Health: -2/58      AC:  1    Str: 15    XL:     8   Next: 75%
Magic:  8/8        EV: 13    Int: 11    God:
Gold:   261        SH: 14    Dex: 13    Spells: 7/7 levels left

rFire    + . .     SeeInvis .   a - +0 war axe
rCold    + . .     Gourm    .   b - +1 kite shield
rNeg     + . .     Faith    .   (helmet restricted)
rPois    .         Spirit   .   p - amulet of regeneration
rElec    .         Reflect  .   h - ring of protection from magic
rCorr    +         Harm     .   l - ring of resist corrosion
MR       +....                  n - ring of positive energy
Stlth    ++........             c - ring of protection from cold
HPRegen  0.59/turn              (no ring)
MPRegen  0.11/turn              (no ring)
                                (no ring)
                                (no ring)

@: no status effects
A: almost no armour, stealthy swim, amphibious, 8 rings, constrict 8, large bone
plates 1, camouflage 1, fire resistance 1, gelatinous body 1
a: no special abilities


You were on level 6 of the Dungeon.
You were not hungry.

You visited 2 branches of the dungeon, and saw 7 of its levels.

You collected 261 gold pieces.

Inventory:

Hand Weapons
 a - a +0 war axe (weapon)
Armour
 b - a +1 kite shield (worn)
Jewellery
 c - a ring of protection from cold (on tentacle)
 h - a ring of protection from magic (left tentacle)
 l - a ring of resist corrosion (right tentacle)
 n - a ring of positive energy (on tentacle)
 p - an amulet of regeneration (around mantle)
Scrolls
 j - a scroll of remove curse
 m - a scroll of fear
 o - a scroll of fog
 q - a scroll of identify
Potions
 e - 3 potions of brilliance
 f - 3 potions of heal wounds
 g - 2 potions of stabbing
 i - a potion of lignification
 k - a potion of ambrosia
 s - 4 potions of curing
Comestibles
 d - 9 rations


   Skills:
 + Level 6.7 Fighting
 + Level 7.0 Axes
 + Level 4.7 Dodging
 - Level 5.0 Shields


You had 7 spell levels left.
You didn't know any spells.
Your spell library was empty.

Dungeon Overview and Level Annotations

Branches:
Dungeon (6/15)             Temple (1/1) D:5

Altars:
Ashenzari
Cheibriados
Dithmenos
Elyvilon
Fedhas
Gozag
Hepliaklqana
Kikubaaqudgha
Makhleb
Nemelex Xobeh
Okawaru
Qazlal
Ru
Sif Muna
Trog
Uskayaw
Vehumet
Wu Jian
Xom
Yredelemnul
Zin

Annotations:
D:2 Sigmund


Innate Abilities, Weirdness & Mutations

You cannot wear most types of armour.
You are very stealthy in the water. (Stealth+)
You are amphibious.
You can wear up to eight rings at the same time.
You can use your tentacles to constrict eight enemies at once.
Your skin changes colour to match your surroundings (Stealth+).
Your rubbery body absorbs attacks. (AC +1, EV +1)
You are partially covered in large bone plates. (SH +4)
Your flesh is heat resistant. (rF+)


Message History

The centaur barely misses you. You block the centaur's attack.
You barely miss the centaur. You block the centaur's attack.
The centaur hits you.
You hit the centaur. You squeeze the centaur.
The centaur is moderately wounded.
The centaur hits you!
* * * LOW HITPOINT WARNING * * *
You block the centaur's attack.
You slash the centaur!
The centaur is almost dead.
The centaur barely misses you. The centaur closely misses you.
You closely miss the centaur. Your squeeze misses the centaur.
The centaur is almost dead.
The centaur hits you!
* * * LOW HITPOINT WARNING * * *
You block the centaur's attack.
You hit the centaur but do no damage.
The centaur is almost dead.
You block the centaur's attack. The centaur hits you!
You die...

##..# ##..#### ....
####.## #..# # ..(.
##.....#####.# # .....
##........###.## #
.....##..............###
......#......[..###.....
...........[..........
#.†c...........)....
##@................
#(................
#(......>....<....
#.................
#..........[......
#.................
##................
#####...............
##..................#


You could see a centaur.

Vanquished Creatures
  Eustachio (D:5)
  An ice beast (D:6)
  A sky beast (D:4)
  An ogre (D:5)
  A bullfrog (D:6)
  5 scorpions
  3 wights
  A howler monkey (D:5)
  3 crimson imps (D:5)
  A bullfrog zombie (D:6)
  A hound (D:4)
  A quasit (D:5)
  A jelly (D:6)
  An orc priest (D:5)
  An orc wizard (D:5)
  3 iguanas
  2 worker ants
  7 adders
  A shadow imp (D:6)
  An ooze (D:1)
  5 worms
  A dart slug (D:1)
  2 leopard geckos (D:2)
  8 orcs
  5 bats
  4 hobgoblins
  7 jackals
  A quokka (D:4)
  2 ball pythons (D:1)
  3 frilled lizards
  A goblin (D:2)
  3 kobolds
  A quokka zombie (D:5)
  7 rats
  3 fungi (D:1)
90 creatures vanquished.

Vanquished Creatures (others)
  7 toadstools (D:2)
7 creatures vanquished.

Grand Total: 97 creatures vanquished

Notes
Turn   | Place    | Note
-------+----------+-------------------------------------------
     0 | D:1      | Ijustatesigmund the Octopode Fighter began the quest for
                  | the Orb.
     0 | D:1      | Reached XP level 1. HP: 16/16 MP: 1/1
   375 | D:1      | Reached XP level 2. HP: 21/21 MP: 2/2
   863 | D:2      | Reached skill level 3 in Axes
   863 | D:2      | Reached XP level 3. HP: 5/26 MP: 3/3
  1452 | D:2      | Noticed Sigmund
  1784 | D:3      | Reached XP level 4. HP: 32/32 MP: 4/4
  2347 | D:4      | Reached skill level 4 in Axes
  2347 | D:4      | Reached XP level 5. HP: 33/37 MP: 5/5
  2372 | D:4      | Noticed a sky beast
  2388 | D:4      | Gained mutation: You are partially covered in large bone
                  | plates. (SH +4) [potion of mutation]
  2388 | D:4      | Gained mutation: Your flesh is heat resistant. (rF+)
                  | [potion of mutation]
  2409 | D:4      | Killed a sky beast
  2464 | D:4      | Reached XP level 6. HP: 34/43 MP: 6/6
  3258 | D:5      | Entered Level 5 of the Dungeon
  3266 | D:5      | Reached skill level 5 in Axes
  3369 | D:5      | Reached XP level 7. HP: 30/49 MP: 7/7
  3487 | D:5      | Reached skill level 5 in Fighting
  3599 | D:5      | Noticed Eustachio
  3616 | D:5      | Killed Eustachio
  3616 | D:5      | Reached skill level 5 in Shields
  3797 | D:5      | Found a staircase to the Ecumenical Temple.
  3803 | Temple   | Entered the Ecumenical Temple
  4020 | D:5      | Reached skill level 6 in Axes
  4043 | D:5      | Reached XP level 8. HP: 51/57 MP: 8/8
  4650 | D:6      | Reached skill level 7 in Axes
  4655 | D:6      | Slain by a centaur

Illustrated notes

Levels and vault maps discovered:
D:1:      zelgadis_glass_arrival_small, layout_loops_ring,
          minmay_shallow_snake_nest
D:2:      cheibrodos_fertilizer, layout_basic, minmay_bisected, uniq_sigmund
D:3:      layout_loops_ring
D:4:      layout_layer_cave, first_ration, glass_columns_c
D:5:      layout_basic, minmay_temple_entry_hall, uniq_eustachio
D:6:      cheibrodos_iron_armory, layout_rooms
Temple:   kilobyte_greek_temple

Skill      XL: |  1  2  3  4  5  6  7  8 |
---------------+-------------------------+-----
Axes           | 3 4 5 6 7 |  7.0
Fighting       | 4 5 6 |  6.7
Shields        | 4 5 |  5.0
Dodging        | 4 |  4.7

Action                   |  1- 3 |  4- 6 |  7- 9 || total
-------------------------+-------+-------+-------++-------
Melee: War axe           |    71 |    81 |   105 ||   257
       Tentacles         |    16 |    13 |    18 ||    47
       Constrict         |    19 |    13 |    26 ||    58
  Use: Scroll            |     5 |     4 |     2 ||    11
       Potion            |     1 |     5 |     1 ||     7
 Stab: Sleeping          |       |     6 |     3 ||     9
       Distracted        |       |       |     1 ||     1
  Eat: Chunk             |     3 |     4 |     5 ||    12
Armor: Skin              |     6 |    22 |     3 ||    31
Dodge: Dodged            |    38 |    25 |    43 ||   106
Block: Kite shield       |    30 |    31 |    90 ||   151
